 Dungeon Crawl Stone Soup version 0.30-a0-870-gc5d4c5acee (webtiles) character file.

Game seed: 10580406848815729102

18 Indecide the Shooter (level 2, 23/23 HPs)
             Began as a Barachi Hunter on Mar 11, 2023.
             Quit the game on level 1 of the Dungeon.
             The game lasted 00:05:42 (295 turns).

Indecide the Shooter (Barachi Hunter)                Turns: 295, Time: 00:05:42

Health: 23/23      AC:  2    Str: 12    XL:     2   Next: 66%
Magic:  2/2        EV: 12    Int:  9    God:
Gold:   78         SH:  0    Dex: 15    Spells: 1/1 levels left

rFire   . . .      SeeInvis .    d - +0 trident
rCold   . . .      Faith    .    (no shield)
rNeg    . . .      Spirit   .    j - +0 robe
rPois   .          Reflect  .    (no helmet)
rElec   .          Rampage  .    (no cloak)
rCorr   .                        (no gloves)
Will    .....                    (no boots)
Stlth   ++                       (no amulet)
HPRegen 0.23/turn                (no ring)
MPRegen 0.08/turn                (no ring)

@: slow
A: amphibious, slowness 1, strong legs 1, +LOS
a: Hop


You were on level 1 of the Dungeon.
You visited 1 branch of the dungeon, and saw 1 of its levels.

You collected 78 gold pieces.

Inventory:

Hand Weapons
 a - a +0 shortbow
 d - a +0 trident (weapon)
 e - a +0 dagger
 k - a +0 antimagic mace
Missiles
 f - 15 stones
Armour
 c - a +0 leather armour
 j - a +0 robe (worn)
 l - a +0 ring mail
 m - a +0 leather armour
Scrolls
 b - a scroll of immolation
 h - 2 scrolls of identify {unknown}
Potions
 g - a potion of brilliance {unknown}
 i - 2 potions of mutation {unknown}


   Skills:
 + Level 2.9 Fighting
 + Level 4.4 Ranged Weapons
 + Level 0.2 Armour
 + Level 2.2 Dodging
 + Level 0.8 Stealth


You had one spell level left.
You didn't know any spells.
Your spell library was empty.

Dungeon Overview and Level Annotations

Branches:
Dungeon (1/15)

Altars:


Innate Abilities, Weirdness & Mutations

You are amphibious.
You cover ground slowly.
You can hop short distances.
You have an extended range of vision and can be seen from far away.


Message History

You shoot an arrow. The arrow barely misses the jackal.
The jackal bites you but does no damage.
Your legs are too worn out to hop.
The jackal closely misses you.
You shoot an arrow.
The arrow hits the jackal but does no damage.
The jackal is lightly wounded.
The jackal bites you but does no damage.
The jackal bites you.
d - a +0 trident (weapon)
The jackal misses you.
You hit the jackal.
The jackal is moderately wounded.
The jackal bites you. The jackal closely misses you.
You closely miss the jackal.
The jackal is lightly wounded.
The jackal closely misses you. The jackal misses you.
You hit the jackal but do no damage.
The jackal is lightly wounded.
The jackal bites you.
The jackal bites you but does no damage.
You hit the jackal.
The jackal is severely wounded.
The jackal bites you.
You hit the jackal.
You kill the jackal!
You now have 53 gold pieces (gained 10).
You now have 64 gold pieces (gained 11).
You now have 78 gold pieces (gained 14).
You see here a +0 antimagic mace.
k - a +0 antimagic mace You are ready to hop once more.
You see here a +0 ring mail.
l - a +0 ring mail You see here a +0 leather armour.
You see here a +0 leather armour.
f - 15 stones (gained 6)
You see here a +0 leather armour.
m - a +0 leather armour Are you sure you want to abandon this character and quit the game? (Confirm with "yes".)

##.....### ##........#####
#.............#
#.............
#............
#....†.....###
#............ #.........##
#########..@......#
#......##.........# #
#......##.........####....
#.........................
#......#.#........####....
#........##.....#.# #.#.##
######...#####.#..# #.#..#
#...# #...## #.#..# ##..#
##.†######.#..#


There were no monsters in sight!

Vanquished Creatures
  A dart slug (D:1)
  A ball python (D:1)
  2 endoplasms (D:1)
  2 hobgoblins (D:1)
  4 jackals (D:1)
  A bat (D:1)
  A frilled lizard (D:1)
  2 rats (D:1)
14 creatures vanquished.

Notes
Turn   | Place    | Note
-------+----------+-------------------------------------------
     0 | D:1      | Indecide the Barachi Hunter began the quest for the Orb.
     0 | D:1      | Reached XP level 1. HP: 17/17 MP: 1/1
   210 | D:1      | Reached XP level 2. HP: 22/23 MP: 2/2
   295 | D:1      | Quit the game

Illustrated notes

Levels and vault maps discovered:
D:1:      giann_forest_graveyard, layout_rooms

Action                     || total
---------------------------++-------
  Melee: Trident           ||     5
   Fire: Shortbow          ||    30
Ability: Hop               ||     1
 Armour: Leather armour    ||     1
         Robe              ||     3
  Dodge: Dodged            ||    19

Table legend: (Time is in decaauts)
 A = Elapsed time spent in this place.
 B = Non-inter-level travel time spent in this place.
 C = Inter-level travel time spent in this place.
 D = Time resting spent in this place.
 E = Time spent auto-exploring this place.
 F = Levels seen in this place.
 G = Mean time per level.
                   A        B        C        D        E       F      G
               +--------+--------+--------+--------+--------+-----+--------+
         Total |    350 |    350 |      0 |      0 |      0 |   1 |  350.0 |
       Dungeon |    350 |    350 |      0 |      0 |      0 |   1 |  350.0 |
               +--------+--------+--------+--------+--------+-----+--------+

Top non-repeatable levels by time:
     D:1: 350 daAuts
